 Dungeon Crawl Stone Soup version 0.30-a0-737-gf23d94013f (webtiles) character file.

Game seed: 5014266232690111421

13 Ghostmaker01 the Conjurer (level 2, 0/1 (22) HPs)
             Began as a Demonspawn Reaver on Feb 2, 2023.
             Slain by a jackal (1 damage)
             ... on level 1 of the Dungeon.
             The game lasted 00:02:44 (534 turns).

Ghostmaker01 the Conjurer (Demonspawn Reaver)        Turns: 534, Time: 00:02:44

HP:   0/1 (22)      AC:  3    Str: 12    XL:     2   Next: 24%
MP:   5/5           EV: 11    Int: 14    God:
Gold: 28            SH:  0    Dex: 11    Spells: 4/5 levels left

rFire   . . .      SeeInvis .    a - +0 hand axe
rCold   . . .      Faith    .    (no shield)
rNeg    . . .      Spirit   .    b - +0 leather armour
rPois   .          Reflect  .    (no helmet)
rElec   .          Harm     .    (no cloak)
rCorr   .          Rampage  .    (no gloves)
Will    .....                    (no boots)
Stlth   +                        (no amulet)
HPRegen 0.20/turn                f - ring of flight
MPRegen 0.09/turn                (no ring)

@: flying, extremely drained
A: demonic guardian 1
a: no special abilities


You were on level 1 of the Dungeon.
You visited 1 branch of the dungeon, and saw 1 of its levels.

You collected 28 gold pieces.

Inventory:

Hand Weapons
 a - a +0 hand axe (weapon)
Armour
 b - a +0 leather armour (worn)
Jewellery
 f - a ring of flight (left hand)
Scrolls
 d - a scroll of identify {unknown}
 e - a scroll of immolation {unknown}
 h - a scroll of teleportation {unknown}
Potions
 c - 2 potions of haste {unknown}
 g - a potion of might {unknown}
 i - a potion of berserk rage {unknown}


   Skills:
 + Level 2.0 Fighting
 * Level 3.0 Axes
 + Level 0.3 Armour
 + Level 1.7 Dodging
 + Level 2.0 Spellcasting
 + Level 3.2 Conjurations


You had 4 spell levels left.
You knew the following spells:

 Your Spells              Type           Power      Damage    Failure   Level
a - Kiss of Death         Conj/Necr      24%        2d7       16%         1

Your spell library contained the following spells:

 Spells                   Type           Power      Damage    Failure   Level
 Momentum Strike          Conj/Tloc      12%        3d8       24%         2
 Freeze                   Ice            4%         1d3       30%         1
 Lesser Beckoning         Tloc           2%         N/A       41%         2
 Hailstorm                Conj/Ice       6%         3d4       43%         3
 Frozen Ramparts          Ice            2%         1d1       65%         3
 Gell's Gravitas          Tloc           1%         N/A       65%         3
 Teleport Other           Tloc           1%         N/A       65%         3


Dungeon Overview and Level Annotations

Branches:
Dungeon (1/15)

Altars:


Innate Abilities, Weirdness & Mutations

A weak demonic guardian rushes to your aid.


Message History

You pick up a book of Frost and begin reading...
You add the spells Freeze and Frozen Ramparts to your library.
A kobold comes into view. It is wielding a +0 dagger.
The kobold shouts!
Casting: Kiss of Death (safe; 16% risk of failure)
Confirm with . or Enter, or press ? or * to list all spells.
You don't know that spell.
The kobold completely misses you.
You hit the kobold.
You kill the kobold!
Casting: Kiss of Death (safe; 16% risk of failure)
Confirm with . or Enter, or press ? or * to list all spells.
You don't know that spell.
Things that are here:
a +0 dagger; 4 stones You now have 12 gold pieces (gained 5).
You now have 28 gold pieces (gained 16).
i - a metallic grey potion A kobold comes into view.
It is wielding a +0 short sword.
The kobold shouts!
Casting: Kiss of Death (safe; 16% risk of failure)
Confirm with . or Enter, or press ? or * to list all spells.
Aiming: Kiss of Death (safe; 16% risk of failure)
Press: ? - help, Shift-Dir - straight line, f - kobold
Aim: a kobold, wielding a +0 short sword (100% to hit)
The negative energy hits the kobold!
The kobold is drained!
You kill the kobold!
You feel drained.
You see here a +0 short sword. 2 jackals come into view.
The jackal barks!
The jackal moves out of view.
Casting: Kiss of Death (safe; 16% risk of failure)
Confirm with . or Enter, or press ? or * to list all spells.
You don't know that spell.
You hit the jackal.
The jackal is heavily wounded.
The jackal bites you.
Ouch! That really hurt!
You die...

#......# ##.#..# #.
#..###.# ###..###.
#....#.# #......
#.##.#.# #+# ##.####
#.##.#.# #.# #.# #
#.##.#.# #.# #.# #
#......# ##.## #.# #
####.#########...######
#.# #
#.......##...@h....#
#.# #
#######.##...h####.#
#.# ## ##..^#.#.#....
..###. #.#.#..#.#.###
##..# #.#........#
##.### #.###..#.###
#.## ##)..#.#.# #.#
#####.... ##.####
###.## #.##ยง..


You could see 2 jackals.

Vanquished Creatures
  A bat (D:1)
  2 goblins (D:1)
  3 hobgoblins (D:1)
  3 kobolds (D:1)
  3 rats (D:1)
12 creatures vanquished.

Notes
Turn   | Place    | Note
-------+----------+-------------------------------------------
     0 | D:1      | Ghostmaker01 the Demonspawn Reaver began the quest for the
                  | Orb.
     0 | D:1      | Reached XP level 1. HP: 16/16 MP: 3/3
   201 | D:1      | Gained mutation: A weak demonic guardian rushes to your
                  | aid. [demonic ancestry]
   201 | D:1      | Reached XP level 2. HP: 7/7 MP: 3/5
   534 | D:1      | Slain by a jackal

Illustrated notes

Levels and vault maps discovered:
D:1:      dpeg_arrival_morbid_curiosity, layout_loops_corners, serial_shops,
          shop, minmay_misc_feat_tiny

Skill      XL: |  1 |
---------------+----+-----
Axes           | 3 |  3.0
Fighting       | |  2.0
Armour         | |  0.3
Dodging        | |  1.7
Spellcasting   | |  2.0
Conjurations   | |  3.2

Action                     || total
---------------------------++-------
  Melee: Hand axe          ||    11
   Cast: Kiss of Death     ||     8
 Armour: Leather armour    ||     7
  Dodge: Dodged            ||    11

Table legend: (Time is in decaauts)
 A = Elapsed time spent in this place.
 B = Non-inter-level travel time spent in this place.
 C = Inter-level travel time spent in this place.
 D = Time resting spent in this place.
 E = Time spent auto-exploring this place.
 F = Levels seen in this place.
 G = Mean time per level.
                   A        B        C        D        E       F      G
               +--------+--------+--------+--------+--------+-----+--------+
         Total |    535 |    530 |      5 |      0 |    450 |   1 |  535.0 |
       Dungeon |    535 |    530 |      5 |      0 |    450 |   1 |  535.0 |
               +--------+--------+--------+--------+--------+-----+--------+

Top non-repeatable levels by time:
     D:1: 535 daAuts
